 Dungeon Crawl Stone Soup version 0.28-a0-706-gf6f64a616a (webtiles) character file.

Game seed: 14913176940889354311

1549 funkygono the Firebug (level 8, -3/43 HPs)
             Began as a Gargoyle Fire Elementalist on Oct 24, 2021.
             Was an Initiate of Ru.
             Slain by a seven-headed hydra (8 damage)
             ... on level 6 of the Dungeon.
             The game lasted 00:11:46 (6891 turns).

funkygono the Firebug (Gargoyle Fire Elementalist)  Turns: 6891, Time: 00:11:47

Health: -3/43      AC:  8    Str: 12    XL:     8   Next: 87%
Magic:  13/17      EV: 12    Int: 18    God:    Ru [......]
Gold:   526        SH:  0    Dex: 10    Spells: 9/20 levels left

rFire   . . .      SeeInvis .   v - +2 flail (protect)
rCold   . . .      Faith    .   (no shield)
rNeg    + . .      Spirit   .   a - +0 robe
rPois   ∞          Reflect  .   m - +0 helmet
rElec   +          Harm     .   o - scarf {repulsion}
rCorr   .          Rampage  .   (no gloves)
Will    .....                   (no boots)
Stlth   ++........              s - amulet of magic regeneration
HPRegen 0.14/turn               l - ring of flight
MPRegen 0.40/turn               (no ring)

@: flying, repel missiles
A: sickness immunity, AC +5, negative energy resistance 1, electricity
resistance, torment resistance 1, petrification resistance
a: Renounce Religion


You were on level 6 of the Dungeon.
You worshipped Ru.
Ru was noncommittal.
You visited 2 branches of the dungeon, and saw 7 of its levels.
You also visited: Ossuary.

You collected 526 gold pieces.

Inventory:

Hand Weapons
 v - a +2 flail of protection (weapon)
Missiles
 b - 196 stones
Armour
 a - a +0 robe (worn)
 m - a +0 helmet (worn)
 o - a scarf of repulsion (worn)
Magical Staves
 q - a staff of air
Jewellery
 l - a ring of flight (left hand)
 n - an amulet of faith
 s - an amulet of magic regeneration (around neck)
Wands
 e - a wand of acid (7)
Scrolls
 j - 3 scrolls of magic mapping
 t - a scroll of teleportation
Potions
 c - 3 potions of flight
 d - a potion of mutation {unknown}
 f - a potion of brilliance
 g - a potion of attraction {unknown}
 h - 4 potions of curing
 i - a potion of might {unknown}
 p - 2 potions of berserk rage
 r - a potion of invisibility {unknown}


   Skills:
 + Level 1.2 Fighting
 + Level 0.4 Maces & Flails
 + Level 1.9 Dodging
 - Level 2.1 Stealth
 * Level 6.6 Spellcasting
 * Level 5.4 Conjurations
 * Level 6.9 Fire Magic


You had 9 spell levels left.
You knew the following spells:

 Your Spells              Type           Power      Damage    Failure   Level
a - Foxfire               Conj/Fire      100%       2x1d9     1%          1
b - Scorch                Fire           60%        2d8       1%          2
c - Conjure Flame         Conj/Fire      28%        6-21      2%          3
d - Flame Wave            Conj/Fire      28%        3d7       9%          4
j - Shock                 Conj/Air       60%        1d6       3%          1

Your spell library contained the following spells:

 Spells                   Type           Power      Damage    Failure   Level
 Inner Flame              Hex/Fire       18%        N/A       9%          3
 Swiftness                Air            5%         N/A       34%         3
 Airstrike                Air            2%         N/A       75%         4


Dungeon Overview and Level Annotations

Branches:
Dungeon (6/15)             Temple (1/1) D:5         Ossuary (visited)

Altars:
Dithmenos
Elyvilon
Fedhas
Kikubaaqudgha
Makhleb
Nemelex Xobeh
Okawaru
Qazlal
Ru
Sif Muna
Uskayaw
Wu Jian
Xom

Shops:
D:3 ?


Innate Abilities, Weirdness & Mutations

You are immune to sickness and miasma.
Your stone body is resilient. (AC +5)
You are immune to poison.
You resist negative energy. (rN+)
You are resistant to electric shocks. (rElec)
You are resistant to unholy torment.
You are immune to petrification.


Message History

The seven-headed hydra bites you but does no damage. x2
The seven-headed hydra bites you.
The seven-headed hydra bites you but does no damage.
The seven-headed hydra bites you.
The seven-headed hydra closely misses you.
Casting: Foxfire (safe; 1% risk of failure)
Confirm with . or Enter, or press ? or * to list all spells.
You conjure some foxfire!
The foxfire hits the seven-headed hydra.
The seven-headed hydra is moderately wounded.
The seven-headed hydra bites you. The seven-headed hydra bites you!
The seven-headed hydra barely misses you.
The seven-headed hydra bites you but does no damage. x2
The seven-headed hydra barely misses you.
The seven-headed hydra bites you.
Casting: Foxfire (safe; 1% risk of failure)
Confirm with . or Enter, or press ? or * to list all spells.
You don't know that spell.
Unknown command.
Casting: Foxfire (safe; 1% risk of failure)
Confirm with . or Enter, or press ? or * to list all spells.
Flames lash the seven-headed hydra.
The seven-headed hydra is heavily wounded.
The seven-headed hydra's fire resistance burns away.
The foxfire hits the seven-headed hydra!
The seven-headed hydra is burned terribly!
The seven-headed hydra is heavily wounded.
The foxfire hits the seven-headed hydra.
The seven-headed hydra is burned terribly!
The seven-headed hydra is severely wounded.
The foxfire hits the seven-headed hydra!
The seven-headed hydra is burned terribly!
The seven-headed hydra is severely wounded.
The seven-headed hydra closely misses you.
The seven-headed hydra bites you but does no damage.
The seven-headed hydra bites you!
* * * LOW HITPOINT WARNING * * *
The seven-headed hydra bites you but does no damage.
The seven-headed hydra misses you. x2; The seven-headed hydra bites you!
You die...

.....#.......##...##........#
.#######....##...##.........#
.# ##..##...##..........#####
## #..##.⌠.##...........#....
#.####'##..###########.#
#..........# #.#
......#.........# #.#
....###.##...§..###########.#
### ........§@D............#
...#.#####################
##.#.# # #.# #.# #.#


You could see a seven-headed hydra (combustible).

Vanquished Creatures
  An ice beast (D:5)
  An orc warrior (D:4)
  A sky beast (D:5)
  3 ogres
  2 phantoms (D:4)
  An elf zombie (Ossuary)
  A bullfrog (D:6)
  A scorpion (D:4)
  A howler monkey (D:5)
  A human zombie (Ossuary)
  An orc priest (D:5)
  A centaur skeleton (D:6)
  A gnoll shaman (D:5)
  A hound (D:5)
  Jessica (D:2)
  Ijyb (D:3)
  4 iguanas
  2 orc wizards (D:5)
  A hound skeleton (D:4)
  2 mummies (Ossuary)
  Robin (D:2)
  9 adders
  8 gnolls
  3 dart slugs
  3 orcs
  4 endoplasms
  3 giant cockroaches
  11 goblins
  12 hobgoblins
  3 jackals (D:4)
  4 kobolds
  3 quokkas
  7 ball pythons
  4 bats
  A frilled lizard (D:1)
  A gnoll zombie (Ossuary)
  3 goblin zombies (Ossuary)
  4 hobgoblin zombies (Ossuary)
  4 orc zombies (Ossuary)
  A quokka skeleton (D:3)
  A quokka zombie (D:4)
  2 rats
  A rat zombie (D:4)
121 creatures vanquished.

Vanquished Creatures (others)
  512 foxfires
512 creatures vanquished.

Grand Total: 633 creatures vanquished

Notes
Turn   | Place    | Note
-------+----------+-------------------------------------------
     0 | D:1      | funkygono the Gargoyle Fire Elementalist began the quest
                  | for the Orb.
     0 | D:1      | Reached XP level 1. HP: 10/10 MP: 3/3
   110 | D:1      | Reached XP level 2. HP: 15/15 MP: 0/5
   113 | D:1      | Learned a level 2 spell: Scorch
   940 | D:1      | Found a faded altar of an unknown god.
  1174 | D:2      | Noticed Robin
  1179 | D:1      | Reached XP level 3. HP: 6/19 MP: 1/6
  1731 | D:2      | Reached XP level 4. HP: 24/24 MP: 0/8
  2063 | D:2      | Noticed Jessica
  2070 | D:2      | Killed Jessica
  2192 | D:2      | Reached XP level 5. HP: 28/28 MP: 7/10
  2440 | D:2      | Killed Robin
  2783 | D:2      | Learned a level 3 spell: Conjure Flame
  2804 | D:3      | Found Jagewer's Magic Scroll Emporium.
  2890 | D:3      | Noticed Ijyb
  2899 | D:3      | Killed Ijyb
  3479 | D:3      | Found an ornate altar of the Wu Jian Council.
  3578 | D:3      | Learned a level 4 spell: Flame Wave
  3580 | D:3      | Learned a level 1 spell: Shock
  3594 | D:4      | Reached XP level 6. HP: 32/32 MP: 8/11
  3667 | D:4      | Found a sand-covered staircase.
  3707 | Ossuary  | Entered an ossuary
  3999 | Ossuary  | Reached skill level 5 in Fire Magic
  4446 | D:4      | Found an ancient bone altar of Kikubaaqudgha.
  4581 | D:4      | Noticed an orc warrior
  4587 | D:4      | Killed an orc warrior
  4588 | D:4      | Reached XP level 7. HP: 36/36 MP: 5/13
  5047 | D:4      | Reached skill level 5 in Spellcasting
  5650 | D:5      | Entered Level 5 of the Dungeon
  5671 | D:5      | Reached XP level 8. HP: 41/41 MP: 13/16
  5846 | D:5      | Found a sacrificial altar of Ru.
  5967 | D:5      | Became a worshipper of Ru the Awakened
  6025 | D:5      | Found a staircase to the Ecumenical Temple.
  6139 | D:5      | Reached skill level 1 in Fighting
  6267 | D:5      | Reached skill level 5 in Conjurations
  6661 | Temple   | Entered the Ecumenical Temple
  6869 | D:6      | Noticed a seven-headed hydra
  6891 | D:6      | Slain by a seven-headed hydra

Illustrated notes

Levels and vault maps discovered:
D:1:      tarquinn_simple_flora_water_e, layout_basic, serial_glass,
          glass_columns_c, glass_columns_b, shapermc_ecumenical_altar_petra,
          st_stairs_9
D:2:      layout_basic, chequers_garden, uniq_jessica, uniq_robin
D:3:      layout_rooms, marbit_many_paths, serial_shops,
          nicolae_shop_temple_entry_statues_fountains, uniq_ijyb
D:4:      layout_gridville, mainiacjoe_overflow_24_doors, enter_ossuary_4
D:5:      layout_loops_ring, nicolae_ru_great_annihilating_truth,
          minmay_temple_entry_stoned_glass
D:6:      layout_basic, grunt_decor_arrowhead, solitary_fountain, st_stairs_9
Temple:   zaba_magenta_temple

Skill      XL: |  1  2  3  4  5  6  7  8 |
---------------+-------------------------+-----
Fire Magic     | 4 5 6 |  6.9
Spellcasting   | 3 4 5 6 |  6.6
Conjurations   | 2 4 5 |  5.4
Fighting       | 1 |  1.2
Maces & Flails | |  0.4
Dodging        | |  1.9
Stealth        | |  2.1

Action                   |  1- 3 |  4- 6 |  7- 9 || total
-------------------------+-------+-------+-------++-------
Melee: Unarmed           |     5 |     5 |       ||    10
       Flail             |       |    22 |     6 ||    28
 Cast: Foxfire           |    44 |   129 |   122 ||   295
       Scorch            |     3 |     7 |    12 ||    22
       Conjure Flame     |       |       |     1 ||     1
  Use: Scroll            |       |     5 |     5 ||    10
Armor: Robe              |     9 |     7 |    21 ||    37
Dodge: Dodged            |    22 |    21 |    39 ||    82

Table legend: (Time is in decaauts)
 A = Elapsed time spent in this place.
 B = Non-inter-level travel time spent in this place.
 C = Inter-level travel time spent in this place.
 D = Time resting spent in this place.
 E = Time spent auto-exploring this place.
 F = Levels seen in this place.
 G = Mean time per level.
                   A        B        C        D        E       F      G
               +--------+--------+--------+--------+--------+-----+--------+
         Total |   6902 |   6759 |    143 |   1266 |   4124 |   8 |  862.8 |
       Dungeon |   6193 |   6053 |    140 |    830 |   4025 |   6 | 1032.2 |
        Temple |     73 |     71 |      2 |      0 |     50 |   1 |   73.0 |
       Ossuary |    635 |    635 |      0 |    436 |     49 |   1 |  635.0 |
               +--------+--------+--------+--------+--------+-----+--------+

Top non-repeatable levels by time:
     D:1: 1578 daAuts
     D:4: 1537 daAuts
     D:2: 1451 daAuts
     D:5: 915 daAuts
 Ossuary: 635 daAuts
     D:3: 563 daAuts
     D:6: 148 daAuts
  Temple: 73 daAuts
